 Dungeon Crawl Stone Soup version 0.20-a0-513-g02c11fc (webtiles) character file.

164637 HEYYEYAAE the Bludgeoner (level 17, 0/149 HPs)
             Began as a Troll Berserker on Jan 23, 2017.
             Was the Champion of Trog.
             Slain by a black mamba (6 damage)
             ... on level 3 of the Snake Pit.
             The game lasted 00:47:38 (23958 turns).

HEYYEYAAE the Bludgeoner (Troll Berserker)         Turns: 23958, Time: 00:47:39

Health: 0/149      AC: 18    Str: 34    XL:     17   Next: 26%
Magic:  25/25      EV: 10    Int:  3    God:    Trog [******]
Gold:   1823       SH:  0    Dex:  9    Spells: 16/16 levels left

rFire    + + .     SeeInvis .   G - +1 dire flail (drain)
rCold    x . .     Gourm    +   B - +1 fire dragon scales
rNeg     . . .     Faith    +   (shield currently unavailable)
rPois    +         Spirit   .   R - +2 hat
rElec    .         Reflect  .   u - +1 cloak {MR+}
rCorr    .         Harm     .   (gloves unavailable)
MR       ++...                  (boots unavailable)
Stlth    ..........             t - amulet of faith
Regen    0.8/turn               r - ring of poison resistance
                                e - +5 ring of slaying

@: about to teleport
A: unfitting armour, claws 3, fast metabolism 3, gourmand, regeneration 1,
shaggy fur 1, tough skin 2
a: Berserk, Trog's Hand, Brothers in Arms, Burn Spellbooks, Renounce Religion


You were on level 3 of the Snake Pit.
You worshipped Trog.
Trog was exalted by your worship.
You were full.

You visited 4 branches of the dungeon, and saw 26 of its levels.

You collected 3064 gold pieces.
You spent 1241 gold pieces at shops.

Inventory:

Hand Weapons
 b - a +2 great mace of holy wrath
 G - a +1 dire flail of draining (weapon)
 J - a +5 dire flail of protection
Missiles
 L - 20 large rocks (quivered)
Armour
 u - a +1 cloak of magic resistance (worn)
 v - the +1 ice dragon scales of a Hundred Suns {+Fly rF- rC++ rCorr}
   (You acquired it on level 2 of the Lair of Beasts)

   It makes you vulnerable to fire.
   It greatly protects you from cold.
   It lets you fly.
   It protects you from acid and corrosion.
 B - +1 fire dragon scales (worn)
 R - a +2 hat (worn)
Jewellery
 d - an uncursed ring of positive energy
 e - a +5 ring of slaying (left claw)
 f - an uncursed ring of wizardry
 p - a +4 ring of evasion
 r - a ring of poison resistance (right claw)
 t - an amulet of faith (around neck)
 F - a +6 ring of evasion
 Y - an uncursed ring of protection from cold
Wands
 x - a wand of digging (0/24)
 z - a wand of confusion (10/48)
 A - a wand of enslavement (1/24)
 D - a wand of lightning (6/15)
 M - a wand of paralysis (5/24)
 U - a wand of disintegration (9/24)
 W - a wand of iceblast (10/15)
 X - a wand of enslavement (10/24)
Scrolls
 h - 15 scrolls of teleportation
 i - 13 scrolls of magic mapping
 m - 3 scrolls of random uselessness {unknown}
 y - 12 scrolls of remove curse
 H - a scroll of identify
 S - 4 scrolls of fog
 T - 4 scrolls of blinking {unknown}
 Z - 2 scrolls of noise {unknown}
Potions
 a - 3 potions of flight
 g - a potion of cancellation
 k - a potion of cure mutation
 l - 9 potions of curing
 o - a potion of beneficial mutation {unknown}
 q - 2 potions of magic {unknown}
 s - 6 potions of heal wounds
 w - a potion of agility
 E - 3 potions of brilliance
 K - 5 potions of mutation {unknown}
 O - 5 potions of might
 P - 5 potions of lignification {unknown}
 Q - a potion of resistance
 V - 5 potions of invisibility {unknown}
Miscellaneous
 C - a sack of spiders
 N - a lightning rod (4/4)
Comestibles
 c - 17 bread rations
 j - 19 meat rations
 n - 9 royal jellies
 I - 12 fruits


   Skills:
 + Level 5.6 Fighting
 * Level 20.2 Maces & Flails
 + Level 4.9 Armour
 + Level 5.5 Dodging
 + Level 12.7 Evocations


You had 16 spell levels left.
You didn't know any spells.

Dungeon Overview and Level Annotations

Branches:
Dungeon (15/15)            Temple (0/1) D:6            Lair (6/6) D:9
  Swamp (0/4) Lair:4        Snake (3/4) Lair:4        Slime (0/5) Lair:6
    Orc (2/2) D:12            Elf (0/3) Orc:2        Vaults (0/5) D:13
 Depths (0/5) D:15

Altars:
Ashenzari
Dithmenos
Gozag
Hepliaklqana
Makhleb
Qazlal
Ru
Sif Muna
Vehumet
Xom

Shops:
D:4 }   D:14 }!=%   D:15 *   Orc:2 ([![   Snake:3 =}=

Portals:
Trove: D:12 (give 11 potions of heal wounds)

Annotations:
D:9 1 runed door


Innate Abilities, Weirdness & Mutations

You are too large for most types of armour.
You have claws for hands.
Your metabolism is lightning-fast.
You like to eat raw meat.
Your natural rate of healing is unusually fast.
You are covered in fur. (AC +1)
You have very tough skin. (AC +2)


Message History

You feel better. The black mamba barely misses you.
Unknown command.
As you read the scroll of teleportation, it crumbles to dust.
You feel strangely unstable.
The black mamba bites you but does no damage.
The black mamba bites you!
* * * LOW HITPOINT WARNING * * *
The black mamba bites you!
* * * LOW HITPOINT WARNING * * *
The black mamba bites you.
* * * LOW HITPOINT WARNING * * *
Unknown command.
Unknown command.
Unknown command.
Unknown command.
You feel better. The black mamba closely misses you. The black mamba bites you!
* * * LOW HITPOINT WARNING * * *
The black mamba bites you but does no damage.
The black mamba bites you.
You die...

....(#...(.###.....#...##......))
#....).....#.......##...#.......#
#....#)....#.#......###.#.......#
#....#.....#.#.#..... #.#.....†##
.....#..#(##...##.. .#.#......#.
.....#..#((..?..## ..#.###...###
...#.#.##.#).....##.# #...##.##.)
##.#......##)....S..###.#..###..#
..........#....@S....###.......#
#####....#.........##.....##...
######...#####.#.......#... ##..#
##......##.. #.## #...(...#.. ...
#.......#.# .#### #.......#.. ..
#.......#.. #...##.##..


You could see 2 black mambas.

Vanquished Creatures
  A nagaraja (Snake:2)
  Aizul (Snake:3)
  A stone giant (Orc:2)
  The ghost of Klosterheim the Cleaver, a journeyman MiFi of Okawaru (Orc:1)
  2 fire dragons
  A vault guard (D:13)
  10 hydras
  An ice dragon (D:15)
  Erolcha (D:9)
  2 naga warriors (Snake:3)
  4 anacondas
  18 two-headed ogres
  4 ogre magi
  2 shock serpents (Snake:3)
  4 naga sharpshooters
  An orc high priest (Orc:2)
  4 salamander mystics
  2 deep trolls (Orc:2)
  A sea snake (Snake:2)
  A lindwurm (Lair:6)
  2 naga ritualists (Snake:3)
  2 wizards
  A wolf spider zombie (D:14)
  2 necromancers (D:13)
  An orc knight (D:13)
  2 mana vipers
  An orc sorcerer (Orc:1)
  An orb spider (shapeshifter) (D:14)
  15 salamanders
  A deep elf mage (D:12)
  An oklob plant (Lair:2)
  4 cyclopes
  9 elephants
  An ugly thing (D:11)
  A centaur zombie (D:15)
  3 manticores
  23 black mambas
  A guardian serpent (Lair:4)
  3 naga magi
  5 torpor snails (Lair:6)
  A gargoyle (D:14)
  2 efreet
  3 rime drakes
  6 komodo dragons
  8 spiny frogs
  A yaktaur (D:13)
  10 polar bears
  12 trolls
  10 hornets
  3 meliai (D:15)
  4 tyrant leeches (Lair:6)
  19 blink frogs
  20 dream sheep
  2 raiju (Lair:6)
  A slime creature (D:13)
  7 hippogriffs
  Sigmund (D:6)
  A shadow (D:15)
  2 wyverns
  4 basilisks
  46 yaks
  3 hungry ghosts
  19 humans (D:13)
  4 vampire mosquitoes (D:13)
  2 steam dragons
  Menkaure (D:6)
  13 nagas
  5 wargs
  A soldier ant (D:13)
  An acid dragon (D:13)
  3 water moccasins
  15 hell hounds (Lair:6)
  17 orc warriors
  4 ice beasts
  4 porcupines
  2 sky beasts
  11 black bears (Lair:6)
  28 ogres
  2 phantoms (D:7)
  11 centaurs
  19 wolves
  5 big kobolds
  5 crocodiles
  21 bullfrogs
  A water moccasin zombie (D:8)
  2 wyvern skeletons
  A scorpion (D:7)
  4 killer bees (D:7)
  19 wights
  4 electric eels
  2 howler monkeys
  4 crimson imps
  6 hounds
  A quasit (D:9)
  4 bullfrog zombies
  5 jellies
  11 orc priests
  Crazy Yiuf (D:6)
  A bullfrog skeleton (D:10)
  16 orc wizards
  5 centaur skeletons
  A gnoll shaman (D:6)
  3 iguanas
  10 worker ants
  A hound skeleton (D:5)
  8 gnolls
  13 adders
  3 adder skeletons
  2 adder zombies
  A worm (D:5)
  3 leopard geckos
  46 orcs
  6 giant cockroaches
  7 goblins
  6 hobgoblins
  8 jackals
  8 quokkas
  A bat (D:1)
  4 frilled lizards
  A jackal skeleton (D:5)
  15 kobolds
  5 quokka zombies
  7 rats
  A fungus (Lair:4)
  3 plants (Lair:6)
750 creatures vanquished.

Vanquished Creatures (collateral kills)
  Vashnia (Snake:3)
  2 fire dragons (D:9)
  An ice dragon (D:9)
  Harold (Lair:2)
  A naga sharpshooter (Snake:3)
  2 killer bees (D:7)
  A wight (D:7)
  An orc priest (D:9)
  An adder (D:7)
  A giant cockroach (D:7)
12 creatures vanquished.

Vanquished Creatures (others)
  An ice dragon (D:9)
  An orc priest (D:9)
  A bush (Lair:6)
  12 fungi
  21 plants
36 creatures vanquished.

Grand Total: 798 creatures vanquished

Notes
Turn   | Place    | Note
-------+----------+-------------------------------------------
     0 | D:1      | HEYYEYAAE the Troll Berserker began the quest for the Orb.
     0 | D:1      | Reached XP level 1. HP: 22/22 MP: 0/0
   115 | D:1      | Reached skill level 3 in Maces & Flails
   233 | D:1      | Reached XP level 2. HP: 29/29 MP: 1/1
   620 | D:2      | Reached ** piety under Trog
   620 | D:2      | Reached XP level 3. HP: 33/36 MP: 2/2
   657 | D:2      | Reached skill level 4 in Maces & Flails
   955 | D:2      | Reached XP level 4. HP: 43/44 MP: 3/3
  1141 | D:3      | Found a shimmering altar of Xom.
  1143 | D:3      | Found a burning altar of Makhleb.
  1143 | D:3      | Found a sacrificial altar of Ru.
  1146 | D:3      | Found a shadowy altar of Dithmenos.
  1146 | D:3      | Found a deep blue altar of Sif Muna.
  1146 | D:3      | Found a shadowy altar of Dithmenos.
  1222 | D:3      | Reached skill level 5 in Maces & Flails
  1785 | D:4      | Found Xyntyfeve's Gadget Emporium.
  1841 | D:4      | Reached XP level 5. HP: 49/50 MP: 4/4
  1945 | D:4      | Noticed an ogre
  1956 | D:4      | Killed an ogre
  1956 | D:4      | Reached skill level 1 in Evocations
  2117 | D:4      | Got a bloodstained dagger
  2169 | D:4      | Found a sacrificial altar of Ru.
  2173 | D:4      | Reached XP level 6. HP: 59/59 MP: 5/5
  2190 | D:4      | Reached skill level 6 in Maces & Flails
  2458 | D:5      | Entered Level 5 of the Dungeon
  2725 | D:5      | Reached XP level 7. HP: 63/66 MP: 7/7
  2876 | D:5      | Found a radiant altar of Vehumet.
  3097 | D:5      | Reached skill level 7 in Maces & Flails
  3136 | D:5      | Reached *** piety under Trog
  3518 | D:6      | Reached skill level 8 in Maces & Flails
  3527 | D:6      | Reached XP level 8. HP: 74/74 MP: 9/9
  3543 | D:6      | Found a hazy altar of Hepliaklqana.
  3571 | D:6      | Noticed Sigmund
  3585 | D:6      | Killed Sigmund
  3704 | D:6      | Found a radiant altar of Vehumet.
  3720 | D:6      | Found a deep blue altar of Sif Muna.
  3739 | D:6      | Reached skill level 9 in Maces & Flails
  3787 | D:6      | Noticed Menkaure
  3797 | D:6      | Killed Menkaure
  3817 | D:6      | Found a staircase to the Ecumenical Temple.
  4053 | D:6      | Found a runed door.
  4057 | D:6      | Noticed Crazy Yiuf
  4060 | D:6      | Killed Crazy Yiuf
  4219 | D:7      | Reached XP level 9. HP: 46/80 MP: 11/11
  4304 | D:7      | Reached **** piety under Trog
  4348 | D:7      | Reached skill level 10 in Maces & Flails
  4402 | D:7      | Reached skill level 5 in Evocations
  4654 | D:7      | Reached skill level 11 in Maces & Flails
  5166 | D:8      | Found a shattered altar of Ashenzari.
  5166 | D:8      | Found a shimmering altar of Xom.
  5166 | D:8      | Found a shadowy altar of Dithmenos.
  5367 | D:8      | Reached XP level 10. HP: 58/88 MP: 13/13
  5434 | D:8      | Noticed a three-headed hydra
  5443 | D:8      | Killed a three-headed hydra
  5443 | D:8      | Reached skill level 12 in Maces & Flails
  5835 | D:9      | Found a staircase to the Lair.
  6009 | D:9      | Reached ***** piety under Trog
  6045 | D:9      | Noticed an ice dragon
  6046 | D:9      | Noticed a fire dragon
  6046 | D:9      | Found a runed door.
  6047 | D:9      | Noticed a fire dragon
  6048 | D:9      | Noticed an ice dragon
  6119 | D:9      | Found a runed door.
  6220 | D:9      | Noticed a two-headed ogre
  6221 | D:9      | Noticed Erolcha
  6262 | D:9      | Killed Erolcha
  6299 | D:9      | Reached XP level 11. HP: 32/94 MP: 15/15
  6304 | D:9      | Reached skill level 13 in Maces & Flails
  6446 | D:9      | Killed a two-headed ogre
  6502 | D:9      | Found a radiant altar of Vehumet.
  6652 | D:9      | Killed an ice dragon
  6660 | D:9      | Killed an ice dragon
  6662 | D:9      | Killed a fire dragon
  6664 | D:9      | Killed a fire dragon
  6714 | D:10     | Entered Level 10 of the Dungeon
  6720 | D:10     | Received a gift from Trog
  7570 | D:11     | Noticed a white ugly thing
  7582 | D:11     | Killed a white ugly thing
  7604 | D:11     | Noticed a two-headed ogre
  7610 | D:11     | Killed a two-headed ogre
  7610 | D:11     | Reached skill level 14 in Maces & Flails
  7644 | D:11     | Noticed a two-headed ogre
  7655 | D:11     | Killed a two-headed ogre
  7983 | D:12     | Noticed a deep elf mage
  7997 | D:12     | Killed a deep elf mage
  8081 | D:12     | Found a staircase to the Orcish Mines.
  8311 | D:12     | Reached XP level 12. HP: 99/104 MP: 17/17
  8341 | D:12     | Found a portal to a secret trove of treasure.
  8566 | D:12     | Received a gift from Trog
  9044 | D:13     | Reached skill level 15 in Maces & Flails
  9515 | D:13     | Found a gate to the Vaults.
  9515 | D:13     | Noticed a vault guard
  9576 | D:13     | Killed a vault guard
  9818 | D:13     | Reached skill level 16 in Maces & Flails
 10014 | D:14     | Found Xuvais's Food Shoppe.
 10014 | D:14     | Noticed an eight-headed hydra
 10026 | D:14     | Killed an eight-headed hydra
 10042 | D:14     | Reached XP level 13. HP: 66/110 MP: 19/19
 10398 | D:14     | Found Zilo Asa's Gadget Boutique.
 10476 | D:14     | Found Obicha Xyci's Distillery.
 10490 | D:14     | Bought a potion of heal wounds for 50 gold pieces
 10490 | D:14     | Bought a potion of heal wounds for 50 gold pieces
 10490 | D:14     | Bought a potion of agility for 40 gold pieces
 10490 | D:14     | Bought a potion of might for 40 gold pieces
 10490 | D:14     | Bought a potion of curing for 30 gold pieces
 10490 | D:14     | Bought a potion of resistance for 100 gold pieces
 10577 | D:14     | Found Nuishuruori's Jewellery Emporium.
 10586 | D:14     | Received a gift from Trog
 10699 | D:15     | Entered Level 15 of the Dungeon
 10825 | D:15     | Found a stormy altar of Qazlal.
 10878 | D:15     | Reached skill level 10 in Evocations
 11165 | D:15     | Noticed a fire dragon
 11183 | D:15     | HP: 8/165 [fire dragon/blast of flame (13)]
 11388 | D:15     | Killed a fire dragon
 11388 | D:15     | Reached skill level 17 in Maces & Flails
 11446 | D:15     | Found a staircase to the Depths.
 11685 | D:15     | Found Gozag's Platinum Reserve.
 11698 | D:15     | Found an opulent altar of Gozag.
 12148 | Lair:1   | Entered Level 1 of the Lair of Beasts
 12628 | Lair:1   | Reached XP level 14. HP: 108/118 MP: 21/21
 12632 | Lair:1   | Received a gift from Trog
 13124 | Lair:2   | Noticed Harold
 13145 | Lair:2   | Killed Harold
 13477 | Lair:2   | Found a shimmering altar of Xom.
 13500 | Lair:2   | Identified a scroll of acquirement
 13504 | Lair:2   | Got smoking ice dragon scales
 13516 | Lair:2   | Identified the +1 ice dragon scales of a Hundred Suns {+Fly rF- rC++ rCorr} (You acquired it on level 2 of the Lair of Beasts)
 14625 | Lair:4   | Reached skill level 18 in Maces & Flails
 14641 | Lair:4   | Found a staircase to the Snake Pit.
 14760 | Lair:4   | Found a staircase to the Swamp.
 16484 | Lair:6   | Entered Level 6 of the Lair of Beasts
 16770 | Lair:6   | Received a gift from Trog
 17158 | Lair:6   | Found a runed door.
 17222 | Lair:6   | Reached skill level 19 in Maces & Flails
 17319 | Lair:6   | Reached XP level 15. HP: 98/124 MP: 22/22
 17588 | Lair:6   | Found a staircase to the Slime Pits.
 17670 | Lair:6   | Received a gift from Trog
 17672 | Lair:6   | Reached ****** piety under Trog
 17781 | Lair:6   | Reached skill level 1 in Armour
 17781 | Lair:6   | Reached XP level 16. HP: 135/135 MP: 22/24
 18568 | Orc:1    | Entered Level 1 of the Orcish Mines
 18830 | Orc:1    | Noticed Klosterheim's ghost (journeyman MiFi)
 18849 | Orc:1    | Killed Klosterheim's ghost
 19042 | Orc:2    | Entered Level 2 of the Orcish Mines
 19196 | Orc:2    | Received a gift from Trog
 19524 | Orc:2    | Found Cigumeto's Distillery.
 19543 | Orc:2    | Found Ecouq's Armour Shop.
 19544 | Orc:2    | Found Uxkiog's Armour Shoppe.
 19580 | Orc:2    | Found Heddotal's Antique Weapon Boutique.
 19616 | Orc:2    | Bought a +1 cloak of magic resistance for 247 gold pieces
 19672 | Orc:2    | Bought a potion of heal wounds for 60 gold pieces
 19672 | Orc:2    | Bought a potion of curing for 36 gold pieces
 19672 | Orc:2    | Bought a potion of heal wounds for 60 gold pieces
 19672 | Orc:2    | Bought a potion of curing for 36 gold pieces
 19672 | Orc:2    | Bought a potion of might for 48 gold pieces
 19672 | Orc:2    | Bought a potion of cancellation for 96 gold pieces
 19672 | Orc:2    | Bought a potion of might for 48 gold pieces
 19830 | Orc:2    | Found a staircase to the Elven Halls.
 20422 | Snake:1  | Entered Level 1 of the Snake Pit
 20584 | Snake:1  | Received a gift from Trog
 22446 | Snake:3  | Noticed Aizul
 22458 | Snake:3  | Killed Aizul
 22458 | Snake:3  | Reached skill level 20 in Maces & Flails
 22754 | Snake:3  | Received a gift from Trog
 22754 | Snake:3  | Reached skill level 5 in Fighting
 22754 | Snake:3  | Reached skill level 5 in Dodging
 22843 | Snake:3  | Reached XP level 17. HP: 58/149 MP: 8/25
 22915 | Snake:3  | Found Pipnul's Gadget Boutique.
 22916 | Snake:3  | Found Moqoes's Jewellery Shoppe.
 22916 | Snake:3  | Found Posiumej's Jewellery Shoppe.
 22928 | Snake:3  | Bought a sack of spiders for 300 gold pieces
 23528 | Snake:3  | Noticed Vashnia
 23608 | Snake:3  | Killed Vashnia
 23897 | Snake:3  | Received a gift from Trog
 23957 | Snake:3  | HP: 5/149 [black mamba (10)]
 23957 | Snake:3  | HP: 2/149 [black mamba (3)]
 23958 | Snake:3  | Slain by a black mamba

Vault maps used:
D:1:      erik_arrival_blinker_ship
D:3:      first_bread, doesnt_xom_only_xom
D:4:      serial_shops, nicolae_shop_competitors_out_of_business,
          nicolae_ru_awakened_eye
D:5:      basic_altar, kennysheep_generic_room_5
D:6:      nicolae_overflow_hidden_temple, kennysheep_mini_moat, basic_altar,
          uniq_sigmund, uniq_menkaure, uniq_crazy_yiuf_cottage
D:8:      gammafunk_temple_overflow_claw, hangedman_ranch
D:9:      dpeg_oklobed_lair, basic_altar, minmay_guarded_unrand_resistance,
          uniq_erolcha
D:11:     minmay_stone_trees_small, bh_chokoban
D:12:     orc_0_dummy, nicolae_trove_entry_crossroad
D:13:     grunt_vaults_entry_tiered, grunt_tough_drop
D:14:     serial_shops, shop, nicolae_shop_temple_entry_statues_fountains,
          nicolae_shop_stone, shop, kennysheep_nub
D:15:     grunt_enter_depths_hoard, nicolae_gozag_zags_fifth_avenue,
          hangedman_decor_push, nicolae_qazlal_general_emergency
Lair:1:   grunt_megastairs_1
Lair:2:   serial_bayou_ford_a, lemuel_oklob_altar, grunt_megastairs_4,
          uniq_harold
Lair:4:   swamp_mist, minmay_snake_entry_spellcaster,
          nicolae_lair_grove_arrangements, infiniplex_staircase_pool,
          serial_bayou_shore_b
Lair:6:   hangedman_lair_caniforms_friends, wormcave, dpeg_slime_entry_corner
Snake:3:  serial_bayou_pond_d, minmay_shop_grove, uniq_aizul, uniq_vashnia
Orc:2:    st_orc_open

Skill      XL: |  1  2  3  4  5  6  7  8  9 10 11 12 13 14 15 16 |
---------------+-------------------------------------------------+-----
Maces & Flails | 3 4 5 6 8 9 11 12 14 16 17 19 20 | 20.2
Evocations     | 1 2 3 4 5 7 8 9 10 11 12 | 12.7
Fighting       | 3 5 |  5.6
Armour         | 1 4 |  4.9
Dodging        | 3 5 |  5.5

Action                   |  1- 3 |  4- 6 |  7- 9 | 10-12 | 13-15 | 16-18 || total
-------------------------+-------+-------+-------+-------+-------+-------++-------
Melee: Mace              |    72 |    35 |       |       |       |       ||   107
       Flail             |       |    79 |   225 |    51 |       |       ||   355
       Dire flail        |       |       |       |   606 |   776 |   713 ||  2095
       Great mace        |       |       |       |       |    78 |       ||    78
       Giant club        |       |       |       |       |       |    23 ||    23
Invok: Berserk           |       |     2 |     7 |    12 |     9 |     7 ||    37
       Trog's Hand       |       |       |     2 |     2 |     3 |       ||     7
       Brothers in Arms  |       |       |       |     1 |     1 |       ||     2
Evoke: Wand              |       |       |     2 |    10 |    32 |     3 ||    47
       Lightning rod     |       |       |       |       |     4 |     4 ||     8
       Sack of spiders   |       |       |       |       |       |     4 ||     4
  Use: Scroll            |       |     8 |     7 |     3 |    20 |     5 ||    43
       Potion            |       |       |     1 |     5 |     7 |     3 ||    16
 Stab: Sleeping          |       |       |     1 |       |       |       ||     1
       Paralysed         |       |       |       |    14 |    15 |     3 ||    32
  Eat: Chunk             |    14 |    14 |    32 |    56 |    92 |    53 ||   261
       Fruit             |       |       |       |     6 |       |     5 ||    11
       Royal jelly       |       |       |       |     1 |       |     2 ||     3
Armor: Animal skin       |    27 |    38 |    56 |     3 |       |       ||   124
       Robe              |       |       |       |    39 |       |       ||    39
       Fire dragon scale |       |       |       |   224 |   291 |   286 ||   801
       Ice dragon scales |       |       |       |       |   197 |       ||   197
Dodge: Dodged            |    46 |    50 |   104 |   194 |   299 |   217 ||   910
